 Dungeon Crawl Stone Soup version 0.21.1-1-g345015f (console) character file.

4358 fly the Blocker (level 10, -6/71 HPs)
             Began as a Formicid Fighter on May 3, 2018.
             Was an Initiate of Wu Jian.
             Mangled by a death yak (13 damage)
             ... on level 1 of the Lair of Beasts.
             The game lasted 00:30:27 (9972 turns).

fly the Blocker (Formicid Fighter)                  Turns: 9972, Time: 00:30:27

Health: -6/71      AC: 13    Str: 20    XL:     10   Next: 60%
Magic:  14/14      EV: 11    Int: 13    God:    Wu Jian [......]
Gold:   452        SH: 11    Dex: 11    Spells: 12/15 levels left

rFire    . . .     SeeInvis +   a - +4 scimitar (flame)
rCold    . . .     Gourm    .   e - +0 shield
rNeg     . . .     Faith    .   y - +4 ring mail
rPois    .         Spirit   .   (helmet unavailable)
rElec    .         Reflect  .   q - +0 cloak
rCorr    .         Harm     .   (no gloves)
MR       +....                  o - +0 pair of boots
Stlth    +.........             H - amulet of regeneration
HPRegen  0.61/turn              A - +2 ring of intelligence
MPRegen  0.14/turn              (no ring)

@: no status effects
A: permanent stasis, dig shafts and tunnels, four strong arms, antennae 3
a: Dig, Shaft Self, Renounce Religion


You were on level 1 of the Lair of Beasts.
You worshipped Wu Jian.
Wu Jian was noncommittal.
You were very hungry.

You visited 3 branches of the dungeon, and saw 10 of its levels.

You collected 660 gold pieces.
You spent 208 gold pieces at shops.

Inventory:

Hand Weapons
 a - a +4 scimitar of flaming (weapon)
 b - a +2 antimagic trident
Armour
 e - a +0 shield (worn)
 o - a +0 pair of boots (worn)
 q - a +0 cloak (worn)
 y - a +4 ring mail (worn)
Jewellery
 A - a +2 ring of intelligence (left hand)
 H - an amulet of regeneration (around neck)
Wands
 s - a wand of random effects (8)
 v - a wand of flame (10)
 F - a wand of polymorph (9)
Scrolls
 g - a scroll of teleportation {unknown}
 h - 4 scrolls of remove curse
 j - 2 scrolls of magic mapping
 l - 2 scrolls of amnesia {unknown}
 m - 2 scrolls of immolation {unknown}
 r - 2 scrolls of fear
 t - 2 scrolls of random uselessness {unknown}
 u - a scroll of holy word {unknown}
 x - 3 scrolls of blinking {unknown}
 C - a scroll of enchant weapon
 I - a scroll of fog
Potions
 c - 8 potions of curing
 i - a potion of lignification
 k - 2 potions of cancellation
 p - 2 potions of heal wounds
 w - a potion of brilliance {unknown}
 E - a potion of flight {unknown}
 G - a potion of magic {unknown}
Books
 d - a book of Transfigurations

   Spells                             Type                      Level
   a - Irradiate                      Conjuration/Transmutation    5
   b - Statue Form                    Transmutation/Earth          6
   c - Hydra Form                     Transmutation                6
   d - Dragon Form                    Transmutation                7
 B - a book of Misfortune

   Spells                             Type                      Level
   a - Confusing Touch                Hexes                        1
   b - Confuse                        Hexes                        3
   c - Gell's Gravitas                Translocation                3
   d - Petrify                        Transmutation/Earth          4
   e - Metabolic Englaciation         Hexes/Ice                    5
   f - Yara's Violent Unravelling     Hexes/Transmutation          5
 N - a book of Battle

   Spells                             Type                      Level
   a - Infusion                       Charms                       1
   b - Shroud of Golubria             Charms/Translocation         2
   c - Song of Slaying                Charms                       2
   d - Spectral Weapon                Hexes/Charms                 3
   e - Regeneration                   Charms/Necromancy            3
Comestibles
 f - 21 rations


   Skills:
 - Level 4.0 Fighting
   Level 7.0 Staves
 - Level 9.0 Armour
 + Level 2.0 Dodging
 - Level 9.3 Shields
 - Level 3.0 Spellcasting
 - Level 3.1 Hexes
 - Level 6.2 Evocations


You had 12 spell levels left.
You knew the following spells:

 Your Spells              Type           Power        Failure   Level  Hunger
s - Song of Slaying       Chrm           #.......     45%         2    ###....
z - Confusing Touch       Hex            ##....       10%         1    #......


Dungeon Overview and Level Annotations

Branches:
Dungeon (8/15)             Temple (1/1) D:6            Lair (1/6) D:8

Altars:
Ashenzari
Cheibriados
Dithmenos
Elyvilon
Fedhas
Gozag
Hepliaklqana
Kikubaaqudgha
Makhleb
Nemelex Xobeh
Okawaru
Qazlal
Ru
Sif Muna
Trog
Uskayaw
Vehumet
Wu Jian
Xom
Yredelemnul
Zin
The Shining One

Shops:
D:5 !   D:7 =


Innate Abilities, Weirdness & Mutations

You cannot be hasted, slowed, berserked, paralysed or teleported.
You can dig through walls and to a lower floor.
Your four strong arms can wield two-handed weapons with a shield.
You have a pair of large antennae on your head. (SInv)


Message History

The death yak gores you but does no damage.
You completely miss the death yak.
The death yak is severely wounded.
You block the death yak's attack.
You barely miss the death yak.
The death yak is severely wounded.
The death yak closely misses you. The death yak gores you.
You barely miss the death yak.
The death yak is severely wounded.
The death yak gores you!
* * * LOW HITPOINT WARNING * * *
You hit the death yak. You burn the death yak.
The death yak is heavily wounded.
The death yak gores you.
You slash the death yak! You burn the death yak.
The death yak is heavily wounded.
The death yak gores you!!
* * * LOW HITPOINT WARNING * * *
The death yak gores you!
You die...

≈≈.<.≈≈≈≈# ..#..........
≈≈≈.≈≈≈≈≈# #............
≈≈≈≈≈≈≈≈.# ............
≈≈≈≈≈≈≈...#####..........
≈≈≈≈≈≈≈.....##.........#
.≈≈≈.≈.................#
......................#
..............#Y.....#
..............##@.####
...............#.##
.............#..##
)............####
...........#.#
.......P########
.......###.....#
........#......#
.........!.....##


You could see a death yak.

Vanquished Creatures
  Erica (D:8)
  Pikel (D:5)
  Psyche (D:8)
  2 hippogriffs
  Sigmund (D:4)
  An ice beast (D:6)
  A porcupine (Lair:1)
  A sky beast (D:8)
  3 orc warriors
  An ogre (D:5)
  2 bullfrogs
  A wyvern skeleton (D:7)
  A scorpion (D:3)
  8 wights
  A howler monkey (D:5)
  3 crimson imps (D:6)
  A bullfrog zombie (D:5)
  4 hounds
  6 jellies
  3 orc priests
  5 orc wizards
  2 centaur zombies
  8 worker ants
  Ijyb (D:5)
  A killer bee zombie (D:7)
  A hound zombie (D:5)
  A hound skeleton (D:8)
  A howler monkey zombie (D:7)
  7 adders
  4 gnolls
  3 shadow imps
  3 adder skeletons
  A worm (D:3)
  7 leopard geckos
  16 orcs
  8 bats
  A giant cockroach (D:5)
  8 goblins
  5 hobgoblins
  An iguana (D:7)
  17 jackals
  10 kobolds
  3 ball pythons
  A giant cockroach zombie (D:6)
  6 rats
164 creatures vanquished.

Vanquished Creatures (others)
  A crimson imp (D:5)
1 creature vanquished.

Grand Total: 165 creatures vanquished

Notes
Turn   | Place    | Note
-------+----------+-------------------------------------------
     0 | D:1      | fly the Formicid Fighter began the quest for the Orb.
     0 | D:1      | Reached XP level 1. HP: 18/18 MP: 1/1
   107 | D:1      | Reached XP level 2. HP: 10/24 MP: 2/2
   453 | D:1      | Reached XP level 3. HP: 25/29 MP: 3/3
   915 | D:2      | Reached XP level 4. HP: 32/35 MP: 4/4
  1084 | D:2      | Found a stormy altar of Qazlal.
  1856 | D:3      | Reached XP level 5. HP: 30/41 MP: 5/5
  2092 | D:3      | Reached skill level 5 in Staves
  3053 | D:4      | Reached XP level 6. HP: 47/47 MP: 6/6
  3204 | D:4      | Noticed Sigmund
  3646 | D:4      | Reached XP level 7. HP: 43/52 MP: 7/7
  4250 | D:5      | Entered Level 5 of the Dungeon
  4589 | D:5      | Noticed Pikel
  4664 | D:5      | Found Uquot's Distillery.
  4671 | D:5      | Bought a potion of might for 52 gold pieces
  4671 | D:5      | Bought a potion of heal wounds for 65 gold pieces
  4681 | D:5      | Killed Pikel
  4681 | D:5      | Reached skill level 5 in Shields
  4681 | D:5      | Reached XP level 8. HP: 32/58 MP: 8/8
  4712 | D:5      | Noticed Ijyb
  4723 | D:5      | Killed Ijyb
  4925 | D:5      | Found a shimmering altar of Xom.
  5203 | D:5      | Bought a potion of degeneration for 13 gold pieces
  5203 | D:5      | Bought a potion of curing for 39 gold pieces
  5203 | D:5      | Bought a potion of lignification for 39 gold pieces
  5783 | D:6      | Reached XP level 9. HP: 64/64 MP: 9/9
  6489 | D:6      | Found a staircase to the Ecumenical Temple.
  6498 | Temple   | Entered the Ecumenical Temple
  6574 | Temple   | Became a worshipper of the Wu Jian Council
  6847 | D:7      | Found a shimmering altar of Xom.
  6859 | D:7      | Found Kenge's Jewellery Emporium.
  7491 | D:8      | Learned a level 1 spell: Confusing Touch
  7541 | D:8      | Noticed a hippogriff
  7549 | D:8      | Killed a hippogriff
  8223 | D:4      | Killed Sigmund
  8521 | D:8      | Reached skill level 1 in Spellcasting
  8521 | D:8      | Reached skill level 1 in Hexes
  8583 | D:8      | Found a staircase to the Lair.
  8617 | D:8      | Noticed Erica
  8757 | D:7      | Reached XP level 10. HP: 23/70 MP: 4/14
  8849 | D:8      | Noticed Psyche
  9033 | D:8      | Reached skill level 1 in Dodging
  9057 | D:8      | Killed Psyche
  9099 | D:8      | Learned a level 2 spell: Song of Slaying
  9135 | D:8      | Reached skill level 1 in Evocations
  9316 | D:8      | Killed Erica
  9316 | D:8      | Reached skill level 5 in Evocations
  9391 | Lair:1   | Entered Level 1 of the Lair of Beasts
  9661 | Lair:1   | Found a white marble altar of Elyvilon.
  9912 | Lair:1   | Noticed a five-headed hydra
  9914 | Lair:1   | Noticed a death yak
  9914 | Lair:1   | a five-headed hydra changed into a death yak
  9972 | Lair:1   | Mangled by a death yak

Skill      XL: |  1  2  3  4  5  6  7  8  9 10 |
---------------+-------------------------------+-----
Staves         | 3 4 5 7 |  7.0
Armour         | 6 7 9 |  9.0
Shields        | 5 6 9 |  9.3
Spellcasting   | 2 3 |  3.0
Hexes          | 2 3 |  3.1
Dodging        | 2 |  2.0
Fighting       | 4 |  4.0
Evocations     | 6 |  6.2

Action                   |  1- 3 |  4- 6 |  7- 9 | 10-12 || total
-------------------------+-------+-------+-------+-------++-------
Melee: Quarterstaff      |    87 |   203 |   109 |       ||   399
       Whip              |       |       |   102 |    15 ||   117
       Trident           |       |       |   125 |    47 ||   172
       Scimitar          |       |       |       |    26 ||    26
       Unarmed           |       |       |       |     5 ||     5
 Cast: Confusing Touch   |       |       |       |     3 ||     3
Invok: Lunge             |       |       |     2 |     2 ||     4
Evoke: Wand              |       |       |    22 |    19 ||    41
  Use: Scroll            |       |     1 |     8 |     3 ||    12
       Potion            |       |       |     4 |       ||     4
 Stab: Confused          |       |       |       |     1 ||     1
  Eat: Chunk             |       |     9 |    15 |     4 ||    28
Armor: Scale mail        |    26 |    35 |    15 |     8 ||    84
       Chain mail        |       |    45 |    64 |       ||   109
       Plate armour      |       |       |    12 |       ||    12
       Skin              |       |       |     5 |       ||     5
       Ring mail         |       |       |       |    12 ||    12
Dodge: Dodged            |    23 |    52 |    73 |    26 ||   174
Block: Shield            |    47 |    90 |   184 |    40 ||   361
       Rpst.: Scimitar   |       |       |       |     4 ||     4
